AoeStats
← 烏雲中

Golden Pit

509100999Analyzed
1v1 RM · 6d ago on Sep 25, 2026· 31m 56s· 2 players
Game mode
Random Map
Map size
Tiny (2 player)
Population
200
Speed
Normal
Resources
Standard
Victory
Conquest
Starting age
Dark Age
Ending age
Imperial Age
RankedLock teamsTeams togetherTeam positionsShared explorationLock speedFull tech treeHidden civsTurbo modeCheats
Victory
Defeat
🇨🇭 Mongols · Switzerland
1110
+16
🇹🇼 Teutons · Taiwan
1101
-16
烏雲中
12:11 Feudal Age
12:37 Double-Bit Axe
12:35 Horse Collar
17:53 Wheelbarrow
21:20 Castle Age
20:06 Scale Barding Armor
20:41 Bloodlines
22:54 Chain Barding Armor
22:47 Loom
Walid93
6:15 Loom
8:15 Feudal Age
9:45 Double-Bit Axe
18:44 Castle Age
17:11 Stone Mining
20:06 Bow Saw
21:46 Husbandry
22:58 Bloodlines
23:52 Wheelbarrow
28:28 Fletching
30:32 Horse Collar
Connection lost

Rejoining the realm…

Still unreachable

The connection could not be restored.

Session expired

The server has moved on; the page needs a fresh start.